Map: Shrines of Lizul

Players

Brato

  • Race: Zerg Zerg
  • Spawn Location: 6:00

HiTmaN

  • Race: Protoss Protoss
  • League: Platinum
  • Spawn Location: 9:00

AquAblAck - Winner!

  • Race: Zerg Zerg
  • League: Diamond
  • Spawn Location: 3:00

Sketchaphone - Winner!

  • Race: Zerg Zerg
  • League: Gold
  • Spawn Location: 12:00

VOD

Have the link to the VOD?

Description

Time

  • Played on: Nov. 10, 2018, 5:43 p.m.
  • Length: 8:23
Show
View Real Time Build Order
Export as new Build Order

Brato Zerg 

Build Orders: Pool First 

Get SALT Encoding   

  12  0:01  Drone  
  13  0:08  Drone  
  14  0:18  Overlord  
  14  0:38  Drone x2  
  14  0:39  Drone  
  17  0:50  Drone  
  17  0:55  Spawning Pool  
  17  1:17  Hatchery  
  17  1:18  Drone  
  17  1:20  Drone  
  18  1:25  Overlord  
  18  1:39  Overlord  
  18  1:43  Queen  
  20  1:52  Extractor  
  20  1:53  Drone  
  20  1:59  Roach Warren  
  19  2:05  Drone x2  
  21  2:38  Roach  
  21  2:39  Roach  
  21  2:43  Drone, Extractor  
  25  2:45  Queen  
  25  2:47  Drone x2  
  25  2:50  Roach  
  31  2:56  Drone  
  32  2:58  Drone x3  
  35  3:11  Evolution Chamber  
  34  3:16  Drone  
  34  3:17  Drone  
  34  3:19  Roach  
  38  3:29  Roach x2  
  42  3:35  Drone  
  42  3:40  Drone  
  42  3:41  Extractor  
  43  3:42  Overlord  
  43  4:03  Roach x2  
  43  4:04  Roach  
  49  4:22  Roach x3  
  49  4:23  Roach  
  49  4:33  Overlord x3, Roach, Drone  
  49  4:34  Overlord  
  52  4:41  Zerg Missile Weapons Level 1  
  52  4:59  Drone x2  
  55  5:00  Drone  
  55  5:03  Roach x2  
  59  5:09  Roach x3  
  59  5:10  Roach x2  
  59  5:11  Roach  
  71  5:18  Lair  
  71  5:20  Drone  
  73  5:50  Drone x2  
  73  5:55  Extractor  
  73  6:05  Ravager x3  
  73  6:07  Overlord x2  
  73  6:08  Overlord x2  
  76  6:27  Overseer  
  68  7:05  Overseer  
  68  7:17  Hydralisk Den  
  68  7:21  Drone x2  
  68  7:22  Drone x3  
  57  7:57  Hydralisk  
  57  7:58  Hydralisk x7  
Show
View Real Time Build Order
Export as new Build Order

HiTmaN Protoss 

Build Orders: Zealot Archon, Archon Drop 

Get SALT Encoding   

  12  0:00  Probe  
  13  0:12  Probe  
  14  0:19  Pylon  
  14  0:24  Probe  
  15  0:33  Probe  
  15  0:39  Gateway  
  15  0:41  Probe  
  17  0:52  Probe  
  18  0:57  Assimilator  
  18  1:04  Probe  
  19  1:16  Probe  
  20  1:28  Probe  
  20  1:30  Cybernetics Core  
  21  1:37  Assimilator  
  21  1:40  Probe  
  22  1:59  Gateway  
  22  2:01  Gateway  
  22  2:11  Pylon  
  22  2:18  Warp Gate  
  22  2:26  Pylon, Adept  
  22  2:27  Pylon  
  22  2:28  Probe  
  25  2:45  Adept  
  25  2:46  Adept  
  29  2:56  Pylon  
  29  3:15  Nexus  
  29  3:24  Twilight Council  
  29  3:42  Gateway  
  29  3:43  Pylon  
  29  4:10  Robotics Facility  
  25  4:28  Probe  
  25  4:29  Gateway  
  24  4:36  Templar Archives  
  24  4:40  Probe  
  24  4:42  Gateway  
  25  4:45  Resonating Glaives  
  25  4:49  Probe, Gateway  
  26  4:53  Probe  
  27  5:01  Probe  
  27  5:05  Probe  
  29  5:10  Warp Prism  
  31  5:15  Probe, Assimilator  
  32  5:22  High Templar  
  32  5:24  High Templar  
  32  5:25  High Templar  
  32  5:27  Probe  
  39  5:29  Archon  
  39  5:33  Assimilator  
  39  5:34  Probe  
  40  5:39  Probe  
  41  5:52  High Templar, Probe  
  44  5:57  Archon  
  44  6:04  Probe  
  45  6:08  Sentry  
  47  6:14  Adept x3  
  54  6:18  Probe  
  54  6:20  Probe  
  55  6:30  Probe  
  55  6:32  Probe  
  57  6:33  Pylon  
  57  6:42  Probe  
  57  6:44  Probe  
  59  6:57  Probe  
  59  6:59  Pylon  
  59  7:01  Pylon  
  60  7:02  Forge  
  60  7:05  Forge  
  60  7:09  Probe  
  60  7:11  High Templar x3  
  60  7:13  Nexus  
  60  7:15  High Templar, Archon  
  69  7:19  Archon  
  69  7:21  Probe  
  70  7:25  Pylon  
  70  7:27  Pylon  
  70  7:28  Immortal  
  50  7:55  Adept  
  50  7:56  Adept  
  50  7:57  Adept x5  
Show
View Real Time Build Order
Export as new Build Order

AquAblAck Zerg - Winner!

Build Orders: Hatch First 

Get SALT Encoding   

  12  0:01  Drone  
  13  0:13  Overlord  
  13  0:18  Drone  
  14  0:31  Drone x2  
  16  0:36  Drone  
  17  0:53  Hatchery  
  17  0:57  Drone  
  17  0:58  Extractor  
  17  1:01  Drone  
  17  1:15  Spawning Pool  
  16  1:19  Drone  
  16  1:22  Drone  
  18  1:31  Drone  
  19  1:41  Overlord  
  19  2:03  Metabolic Boost, Queen, Zergling x4  
  19  2:08  Queen  
  25  2:11  Drone  
  26  2:17  Drone  
  26  2:18  Drone  
  28  2:37  Drone x2  
  28  2:38  Drone x2  
  32  2:49  Queen  
  32  2:50  Drone  
  32  2:51  Drone  
  36  2:55  Overlord  
  36  3:10  Evolution Chamber  
  36  3:11  Drone  
  36  3:12  Roach Warren, Drone  
  36  3:15  Drone  
  37  3:20  Overlord  
  37  3:21  Drone  
  37  3:22  Drone x2  
  37  3:24  Drone  
  41  3:32  Queen  
  43  3:34  Drone  
  43  3:38  Zergling x6  
  47  3:47  Zergling x4  
  49  4:01  Drone x3  
  52  4:05  Zerg Missile Weapons Level 1  
  50  4:17  Roach  
  50  4:47  Lair, Extractor  
  50  4:48  Drone x2, Extractor  
  50  4:49  Drone  
  51  5:03  Drone  
  51  5:07  Extractor  
  51  5:09  Overlord  
  51  5:10  Overlord  
  51  5:11  Overlord  
  51  5:15  Hatchery  
  50  5:30  Roach x5  
  50  5:31  Drone x2  
  50  5:32  Drone  
  50  5:33  Drone  
  64  5:49  Spire  
  63  5:51  Zergling x2  
  63  5:52  Zergling x14  
  71  6:37  Roach x5  
  81  6:43  Overlord x3  
  81  6:58  Overlord x2  
  81  7:07  Mutalisk  
  81  7:08  Mutalisk x5  
  83  7:12  Mutalisk  
  95  7:16  Drone x3  
  95  7:20  Mutalisk  
  95  7:21  Extractor  
  99  7:23  Extractor  
  99  7:25  Zergling x14  
  89  7:47  Mutalisk x3  
  94  7:54  Mutalisk  
Show
View Real Time Build Order
Export as new Build Order

Sketchaphone Zerg - Winner!

Build Orders: Hatch First 

Get SALT Encoding   

  12  0:02  Drone  
  13  0:16  Overlord  
  13  0:21  Drone  
  14  0:39  Drone x2  
  14  0:42  Drone  
  17  1:01  Extractor  
  16  1:04  Drone  
  16  1:05  Hatchery  
  16  1:24  Spawning Pool  
  15  1:27  Drone  
  15  1:30  Drone  
  15  1:32  Drone  
  18  1:39  Drone  
  19  1:49  Overlord  
  19  2:03  Drone  
  20  2:11  Metabolic Boost  
  20  2:12  Queen  
  22  2:32  Drone  
  22  2:36  Drone x3  
  22  2:37  Drone  
  27  2:48  Queen  
  29  2:53  Queen  
  29  2:54  Overlord, Drone  
  29  2:56  Drone x2  
  34  3:10  Zergling x2  
  35  3:17  Roach Warren, Drone x3  
  37  3:20  Overlord  
  37  3:54  Overlord  
  37  3:56  Drone  
  38  4:04  Roach, Zergling x2  
  38  4:05  Roach x3  
  47  4:11  Roach x2  
  51  4:17  Zergling x2  
  51  4:18  Roach x2  
  51  4:22  Hatchery  
  54  4:32  Overlord x2  
  54  4:45  Drone  
  55  4:49  Overlord  
  55  4:50  Roach x2  
  59  5:02  Drone  
  59  5:05  Overlord  
  60  5:12  Pneumatized Carapace  
  60  5:18  Overlord  
  60  5:31  Overlord, Drone x4  
  60  5:32  Overlord  
  60  5:33  Roach  
  60  5:34  Queen  
  68  5:36  Roach x2  
  68  5:41  Evolution Chamber  
  73  5:42  Roach  
  73  5:45  Overlord  
  73  5:46  Extractor  
  73  5:47  Overlord, Drone  
  73  5:57  Evolution Chamber  
  73  6:00  Roach x3  
  73  6:01  Roach  
  80  6:21  Roach x5  
  90  6:37  Zergling x22  
  98  6:47  Roach  
  98  6:48  Roach  
  98  6:51  Zergling x6  
  105  7:16  Roach x4  
  105  7:17  Overlord x2  
  113  7:28  Zergling x8  
  113  7:29  Zergling x16  
  116  7:47  Zergling x6  
Tags
 
Add a new tag
Caveats
  • Supply blocks, unpowered buildings, or Contaminate may cause inaccurate times.
  • Supply counts are checked every 10 seconds.